 Dungeon Crawl Stone Soup version 0.26-a0-1038-gfb849e850a (webtiles) character file.

Game seed: 1582767016564238931

208280 DerHolg the Peltast (level 18, -2/166 HPs)
             Began as a Minotaur Berserker on Dec 9, 2020.
             Was the Champion of Trog.
             Killed from afar by Nikola (35 damage)
             ... with a chain lightning
             ... on level 1 of the Swamp on Dec 11, 2020.
             The game lasted 03:14:03 (30821 turns).

DerHolg the Peltast (Minotaur Berserker)           Turns: 30821, Time: 03:14:03

Health: -2/166     AC: 18    Str: 33    XL:     18   Next: 12%
Magic:  17/17      EV: 20    Int:  8    God:    Trog [******]
Gold:   2996       SH: 29    Dex: 17    Spells: 17/17 levels left

rFire    + + .     SeeInvis .   a - +7 broad axe (flame)
rCold    + . .     Faith    .   R - +0 tower shield
rNeg     . . .     Spirit   .   y - +1 scale mail of Eternity {Regen+ Str+5}
rPois    .         Reflect  +   (helmet restricted)
rElec    .         Harm     .   w - scarf {rC+ rF+}
rCorr    .         Rampage  .   e - +1 pair of gloves
Will     ++...                  t - +2 pair of boots
Stlth    ..........             x - amulet "Jutawell" {Reflect Str+2 SH+5}
HPRegen  0.77/turn              V - ring "Vaegg" {rF+ Str+3 Int+4}
MPRegen  0.15/turn              z - ring of Descent {Will+ EV+4}

@: no status effects
A: retaliatory headbutt, horns 2
}: 1/15 runes: serpentine
a: Berserk, Trog's Hand, Brothers in Arms, Renounce Religion


You were on level 1 of the Swamp.
You worshipped Trog.
Trog was exalted by your worship.
You visited 5 branches of the dungeon, and saw 28 of its levels.
You also visited: Trove and Ossuary.

You collected 3269 gold pieces.
You spent 273 gold pieces at shops.

Inventory:

Hand Weapons
 a - a +7 broad axe of flaming (weapon)
 b - the +4 flail of Descent {drain, rPois rC+}
   (You found it on level 13 of the Dungeon)

   A truly terrible weapon, it drains the life of those it strikes.
   It protects you from cold.
   It protects you from poison.
Missiles
 K - a boomerang of dispersal
 N - 2 throwing nets
 Q - 31 boomerangs (quivered)
 Y - 18 javelins
Armour
 e - a +1 pair of gloves (worn)
 t - a +2 pair of boots (worn)
 w - a scarf of resistance (worn)
 y - the +1 scale mail of Eternity (worn) {Regen+ Str+5}
   (You bought it in a shop on level 4 of the Dungeon)

   It affects your strength (+5).
   It increases your rate of regeneration.
 R - a +0 tower shield (worn)
Jewellery
 c - the ring of Eppaixt {rF- rN+ Int+4 Dex+5 SInv}
   (You found it in a treasure trove)

   [ring of see invisible]

   It affects your intelligence (+4).
   It affects your dexterity (+5).
   It makes you vulnerable to fire.
   It protects you from negative energy.
   It lets you see invisible.
 p - an uncursed ring of resist corrosion
 x - the amulet "Jutawell" (around neck) {Reflect Str+2 SH+5}
   (You found it in a treasure trove)

   [amulet of reflection]

   It shields you and reflects attacks.
   It affects your strength (+2).
   It affects your SH (+5).
 z - the ring of Descent (right hand) {Will+ EV+4}
   (You found it in a treasure trove)

   [ring of evasion]

   It affects your evasion (+4).
   It affects your willpower, your defense against some magical effects.
 V - the ring "Vaegg" (left hand) {rF+ Str+3 Int+4}
   (You found it in a treasure trove)

   [ring of protection from fire]

   It affects your strength (+3).
   It affects your intelligence (+4).
   It protects you from fire.
 Z - the ring of Nobility {rC+ Str+6 Dex+2}
   (You found it in a treasure trove)

   [ring of strength]

   It affects your strength (+6).
   It affects your dexterity (+2).
   It protects you from cold.
Wands
 G - a wand of acid (19)
 H - a wand of flame (40)
 O - a wand of paralysis (11)
 P - a wand of digging (3)
 S - a wand of iceblast (6)
 U - a wand of enslavement (13)
 X - a wand of polymorph (29)
Scrolls
 h - a scroll of brand weapon {unknown}
 i - 4 scrolls of fog
 j - 12 scrolls of identify
 l - 6 scrolls of magic mapping
 m - 5 scrolls of blinking
 q - 11 scrolls of remove curse
 u - 2 scrolls of teleportation
 C - 2 scrolls of enchant weapon
 F - 3 scrolls of immolation
 J - 2 scrolls of summoning
 M - 2 scrolls of enchant armour
 T - 2 scrolls of silence
Potions
 d - 18 potions of ambrosia
 f - 14 potions of curing
 g - 6 potions of might
 k - 4 potions of flight
 n - a potion of invisibility {unknown}
 o - 10 potions of lignification
 s - 2 potions of berserk rage
 v - 4 potions of mutation
 B - 5 potions of resistance
 E - 5 potions of haste
 L - 6 potions of heal wounds


   Skills:
 + Level 16.2 Fighting
 + Level 17.6 Axes
 + Level 12.5 Throwing
 + Level 16.8 Armour
 - Level 10.0 Dodging
 + Level 17.7 Shields
 + Level 4.3 Evocations


You had 17 spell levels left.
You didn't know any spells.
Your spell library was empty.

Dungeon Overview and Level Annotations

Branches:
Dungeon (15/15)            Temple (0/1) D:6            Lair (6/6) D:9
  Swamp (1/4) Lair:3        Snake (4/4) Lair:3        Slime (0/5) Lair:5
    Orc (2/2) D:12            Elf (0/3) Orc:2        Vaults (0/5) D:13
 Depths (0/5) D:15        Ossuary (visited)

Altars:
Cheibriados
Dithmenos
Elyvilon
Fedhas
Kikubaaqudgha
Nemelex Xobeh
Okawaru
Ru
Sif Muna
Uskayaw
Vehumet
Xom
Yredelemnul
Zin
Beogh

Shops:
D:4 !*   D:7 ??[   Orc:2 }=(!   Snake:3 }

Portals:
Abyss: Lair:1

Annotations:
Lair:2 exclusion: oklob plant
Swamp:1 Nikola


Innate Abilities, Weirdness & Mutations

You reflexively headbutt those who attack you in melee.
You have a pair of horns on your head.


Message History

You kill the swamp worm!
Trog accepts your kill.
Nikola the Mad Inventor comes into view.
He is wielding a +3 rapier of electrocution.
Nikola shouts!
Nikola gestures wildly while chanting.
You hear a mighty clap of thunder!
The lightning arc hits you!!!
The lightning arc hits Nikola.
The lightning arc hits you!!
The lightning arc hits Nikola.
The lightning arc hits you!!
You hear a hideous shriek!
You hear a shout!
You see here a swamp worm corpse.
You see here a swamp worm corpse.
You enter the shallow water.
Moving in this stuff is going to be slow.
Nikola gestures wildly while chanting.
You hear a mighty clap of thunder!
The lightning arc hits you!!!
* * * LOW HITPOINT WARNING * * *
The lightning arc hits Nikola!
The lightning arc hits you!!
You die...

♣.≈≈ ♣..≈ ≈
♣$.. ...♣..≈
♣♣♣♣♣♣
..≈≈≈≈.♣♣...≈♣
....≈≈.†@...♣♣
...≈≈≈≈♣♣≈≈..♣♣
.≈.≈≈≈. ♣♣....♣
.≈≈≈≈.. ♣@≈≈≈♣
.≈≈≈≈.. ♣.≈≈.♣
♣..≈≈.♣ ♣♣<..♣
♣≈..≈♣ ♣♣≈♣♣
♣♣♣♣♣ ♣♣♣


You could see Nikola.

Vanquished Creatures
  Rupert (D:15)
  A tengu reaver (D:14)
  Kirke (Lair:5)
  A storm dragon (D:14)
  Roxanne (D:14)
  8 nagarajas
  A fire giant (D:13)
  Louise (D:14)
  Nessos (Lair:5)
  A dire elephant (Lair:6)
  Azrael (D:15)
  Snorg (D:14)
  Josephine (D:12)
  2 fire dragons (D:15)
  12 naga warriors
  The ghost of Majang the Cleaver, a journeyman PaFi of Qazlal (Lair:1)
  2 yaktaur captains (D:14)
  10 hydras
  An ice dragon (D:15)
  2 vault guards
  2 boulder beetles
  7 centaur warriors
  Erica (D:8)
  3 catoblepae
  A merfolk avatar (Lair:6)
  A dancing weapon (D:6)
  15 anacondas
  An ogre mage (D:15)
  4 orc high priests (Orc:2)
  8 two-headed ogres
  12 shock serpents
  6 death yaks (Lair:5)
  11 naga sharpshooters
  A thrashing horror (Lair:1)
  Urug (Lair:3)
  7 salamander mystics
  3 unseen horrors
  5 naga ritualists
  A flayed ghost (D:13)
  4 lindwurms (Snake:4)
  A phantasmal warrior (D:13)
  2 harpies (Lair:6)
  5 orc knights
  4 orc sorcerers (Orc:2)
  9 ugly things
  2 deep elf magi (D:14)
  2 manticores
  10 mana vipers
  9 salamanders
  A worldbinder (Lair:1)
  4 cyclopes
  Joseph (D:7)
  13 elephants (Lair:6)
  An apocalypse crab (Lair:1)
  The ghost of rossy the Skirmisher, a novice HOFi of Beogh (D:6)
  7 torpor snails
  A rust devil (Lair:1)
  A torpor snail (shapeshifter) (D:13)
  9 guardian serpents (Snake:4)
  26 black mambas
  5 orange demons (D:13)
  2 gargoyles
  13 cane toads
  27 naga magi
  A kobold demonologist (D:13)
  4 rime drakes
  12 komodo dragons
  A komodo dragon (shapeshifter) (D:13)
  A tengu conjurer (D:13)
  3 red devils (D:13)
  8 trolls
  3 polar bears
  A queen bee (D:11)
  A raiju (Lair:1)
  3 hornets
  22 blink frogs
  A meliai zombie (D:13)
  Sigmund (D:2)
  A spriggan (Lair:1)
  A vampire (D:13)
  2 shadows
  9 wraiths
  73 yaks
  7 wyverns
  7 basilisks
  2 fire elementals (D:15)
  Grum (D:8)
  3 hogs (Lair:5)
  6 humans (D:13)
  16 vampire mosquitoes
  A swamp worm (Swamp:1)
  5 wargs
  A steam dragon (Lair:4)
  45 nagas
  2 soldier ants
  An acid dragon (D:15)
  29 water moccasins
  3 hell hounds (D:15)
  3 ice beasts
  2 black bears
  25 orc warriors
  3 phantoms
  5 sky beasts
  2 necrophages
  2 eyes of draining
  6 ogres
  23 wolves
  5 centaurs
  6 big kobolds
  A gnoll sergeant (D:9)
  18 bullfrogs
  A wyvern zombie (D:8)
  5 scorpions
  A wyvern skeleton (D:11)
  34 killer bees
  4 wights (D:12)
  9 howler monkeys
  A bullfrog zombie (D:11)
  A quasit (D:9)
  A centaur zombie (D:3)
  7 hounds
  31 orc wizards
  23 orc priests
  2 bullfrog skeletons
  A centaur skeleton (D:5)
  10 jellies
  Crazy Yiuf (D:2)
  Jessica (D:2)
  2 iguanas
  13 worker ants
  11 hell rats
  A killer bee zombie (D:8)
  10 big kobold zombies (Ossuary)
  A mummy (Ossuary)
  3 worker ant zombies
  16 gnolls
  A howler monkey skeleton (D:6)
  15 adders
  3 shadow imps
  3 white imps
  An ufetubus (D:5)
  2 oozes
  2 worms
  3 dart slugs
  7 leopard geckos
  94 orcs
  5 spectral bats (Ossuary)
  9 bats
  9 giant cockroaches
  2 gnoll zombies (Ossuary)
  9 goblins
  8 hobgoblins
  11 jackals
  2 quokkas
  2 ball pythons
  3 bat simulacra (Ossuary)
  5 frilled lizards
  4 goblin simulacra (Ossuary)
  6 goblin zombies (Ossuary)
  4 hobgoblin zombies (Ossuary)
  A jackal skeleton (D:8)
  25 kobolds
  3 kobold simulacra (Ossuary)
  5 kobold zombies (Ossuary)
  3 orc zombies (Ossuary)
  A quokka zombie (D:6)
  9 rats
  7 rat simulacra (Ossuary)
  4 spectral goblins (Ossuary)
  8 spectral kobolds (Ossuary)
  A spectral rat (Ossuary)
1145 creatures vanquished.

Vanquished Creatures (collateral kills)
  A komodo dragon (D:9)
  A white imp (D:9)
2 creatures vanquished.

Vanquished Creatures (others)
  A naga ritualist (Snake:4)
  A naga mage (Snake:4)
  A tengu conjurer (D:13)
  4 humans (D:13)
  An orc priest (Orc:2)
  47 fungi
  81 plants
136 creatures vanquished.

Grand Total: 1283 creatures vanquished

Notes
Turn   | Place    | Note
-------+----------+-------------------------------------------
     0 | D:1      | DerHolg the Minotaur Berserker began the quest for the Orb.
     0 | D:1      | Reached XP level 1. HP: 19/19 MP: 0/0
   207 | D:1      | Reached XP level 2. HP: 27/27 MP: 1/1
   792 | D:2      | Reached XP level 3. HP: 33/33 MP: 2/2
  1147 | D:2      | Noticed Jessica
  1157 | D:2      | Killed Jessica
  1158 | D:2      | Reached XP level 4. HP: 40/40 MP: 3/3
  1199 | D:2      | Reached ** piety under Trog
  1433 | D:2      | Found a shadowy altar of Dithmenos.
  1556 | D:2      | Reached skill level 5 in Axes
  1588 | D:2      | Found a hide-covered altar of Uskayaw.
  1648 | D:2      | Found a runed translucent door.
  1649 | D:2      | Noticed Crazy Yiuf
  1932 | D:2      | Noticed Sigmund
  1963 | D:2      | Killed Sigmund
  1964 | D:2      | Reached XP level 5. HP: 47/47 MP: 4/4
  1964 | D:2      | Reached XP level 6. HP: 55/55 MP: 5/5
  1997 | D:2      | Found a white marble altar of Elyvilon.
  1997 | D:2      | Found an ancient bone altar of Kikubaaqudgha.
  1998 | D:2      | Found a radiant altar of Vehumet.
  2096 | D:2      | Killed Crazy Yiuf
  2219 | D:3      | Reached skill level 5 in Fighting
  2624 | D:3      | Reached *** piety under Trog
  2813 | D:3      | Found a blossoming altar of Fedhas.
  2953 | D:3      | Found a sparkling altar of Nemelex Xobeh.
  3135 | D:4      | Found Wusaebap's Distillery.
  3263 | D:4      | Reached XP level 7. HP: 27/61 MP: 6/6
  3464 | D:4      | Found an iron altar of Okawaru.
  3855 | D:4      | Found Xuytyd's Assorted Antiques.
  3863 | D:4      | Bought a bloodstained scale mail for 234 gold pieces
  3873 | D:4      | Identified the cursed +1 scale mail of Eternity {Regen+
                  | Str+5} (You bought it in a shop on level 4 of the Dungeon)
  3876 | D:4      | Got a warped glass ring
  3910 | D:4      | Identified the cursed ring "Hekh" {rC+ MP+9 Dex-4} (You
                  | found it on level 4 of the Dungeon)
  4190 | D:5      | Entered Level 5 of the Dungeon
  4236 | D:5      | Found a sand-covered staircase.
  4247 | Ossuary  | Entered an ossuary
  4367 | Ossuary  | Reached **** piety under Trog
  4415 | Ossuary  | Reached skill level 5 in Armour
  5041 | D:5      | Reached ***** piety under Trog
  5139 | D:5      | Reached XP level 8. HP: 70/70 MP: 5/7
  5288 | D:6      | Found a runed translucent door.
  5288 | D:6      | Found a shimmering altar of Xom.
  5288 | D:6      | Noticed rossy's ghost (novice HOFi)
  5288 | D:6      | Noticed a +2 mace of chaos
  5309 | D:6      | Reached skill level 1 in Throwing
  5309 | D:6      | Reached skill level 5 in Dodging
  5605 | D:6      | Found a staircase to the Ecumenical Temple.
  5624 | D:6      | HP: 3/71 [orc warrior/+2 long sword of electrocution (13)]
  5817 | D:6      | Found a basalt altar of Yredelemnul.
  6053 | D:7      | Found Etaph's Magic Scroll Shop.
  6090 | D:7      | Found Neupalemp's Magic Scroll Shop.
  6142 | D:7      | Noticed Joseph
  6159 | D:7      | Killed Joseph
  6160 | D:7      | Reached XP level 9. HP: 79/79 MP: 5/8
  6447 | D:7      | Found Nadifer's Antique Armour Shop.
  6517 | D:7      | Reached skill level 1 in Shields
  6517 | D:7      | Found a shimmering altar of Xom.
  6656 | D:7      | Found a sacrificial altar of Ru.
  7280 | D:8      | Found a shimmering blue altar of Sif Muna.
  7352 | D:8      | Noticed Erica
  7399 | D:8      | Killed Erica
  7442 | D:8      | Noticed Grum
  7454 | D:8      | Reached XP level 10. HP: 86/90 MP: 6/9
  7457 | D:8      | Killed Grum
  7592 | D:8      | Found a glowing silver altar of Zin.
  8122 | D:9      | Reached skill level 5 in Shields
  8178 | D:9      | Noticed a two-headed ogre
  8189 | D:9      | Killed a two-headed ogre
  8246 | D:9      | Reached skill level 5 in Throwing
  8288 | D:9      | Received a gift from Trog
  8334 | D:9      | Found a staircase to the Lair.
  8955 | D:9      | Reached skill level 10 in Axes
  8965 | D:10     | Entered Level 10 of the Dungeon
  9987 | D:11     | Reached XP level 11. HP: 91/97 MP: 6/10
 10308 | D:11     | Found a sparkling altar of Nemelex Xobeh.
 10352 | D:11     | Killed an unseen horror
 10356 | D:11     | Reached ****** piety under Trog
 10356 | D:11     | Received a gift from Trog
 10394 | D:11     | You fall into a shaft and drop 2 floors!
 10435 | D:13     | Noticed a two-headed ogre
 10444 | D:13     | Killed a two-headed ogre
 10733 | D:12     | Noticed Josephine
 10750 | D:12     | Reached skill level 10 in Fighting
 10751 | D:12     | Killed Josephine
 10894 | D:12     | Noticed a two-headed ogre
 10997 | D:13     | Upgraded the game from 0.26-a0-1025-g006ef2cfcc to
                  | 0.26-a0-1033-gd598b01645
 11002 | D:12     | Killed a two-headed ogre
 11003 | D:12     | Reached XP level 12. HP: 95/107 MP: 6/11
 11064 | D:12     | Found a staircase to the Orcish Mines.
 11080 | D:12     | Reached skill level 10 in Armour
 11092 | D:12     | Received a gift from Trog
 11130 | D:13     | Got a slimy flail
 11198 | D:12     | Identified the +4 flail of Descent {drain, rPois rC+} (You
                  | found it on level 13 of the Dungeon)
 11292 | D:12     | Reached skill level 10 in Shields
 11459 | D:12     | Noticed a seven-headed hydra
 11470 | D:12     | Killed a five-headed hydra
 12147 | D:11     | Noticed a vault guard
 12156 | D:11     | Killed a vault guard
 12211 | D:11     | Found a portal to a secret trove of treasure.
 12280 | Lair:1   | Entered Level 1 of the Lair of Beasts
 12613 | Lair:1   | Noticed a seven-headed hydra
 12621 | Lair:1   | Killed a three-headed hydra
 12690 | Lair:1   | Noticed a seven-headed hydra
 12697 | Lair:1   | Killed a five-headed hydra
 12742 | Lair:1   | Noticed Majang's ghost (journeyman PaFi)
 12742 | Lair:1   | Identified the +7 trident "Puhorytu" {distort, Str+6}
 12762 | Lair:1   | Found a transporter.
 12766 | Lair:1   | Found a transporter.
 14393 | Lair:2   | Reached skill level 10 in Dodging
 14608 | Lair:3   | Reached XP level 13. HP: 111/116 MP: 12/12
 14779 | Lair:3   | Found a runed translucent door.
 14787 | Lair:3   | Received a gift from Trog
 15237 | Lair:3   | Found a staircase to the Snake Pit.
 15271 | Lair:3   | Found a staircase to the Swamp.
 15566 | Lair:3   | Noticed Urug
 15582 | Lair:3   | Killed Urug
 15948 | D:11     | You paid a toll of a +7 demon trident to enter a treasure
                  | trove
 15949 | Trove    | Entered a treasure trove
 15952 | Trove    | Got a twitching tin amulet
 15954 | Trove    | Got a flickering iron ring
 15958 | Trove    | Got a wavering zirconium amulet
 15965 | Trove    | Got a flickering turquoise ring
 15970 | Trove    | Got a crude bronze ring
 15983 | Trove    | Identified the amulet "Jutawell" {Reflect Str+2 SH+5} (You
                  | found it in a treasure trove)
 15983 | Trove    | Identified the ring of Descent {Will+ EV+4} (You found it
                  | in a treasure trove)
 15985 | Trove    | Identified the ring "Vaegg" {rF+ Str+3 Int+4} (You found it
                  | in a treasure trove)
 15988 | Trove    | Identified the ring of Nobility {rC+ Str+6 Dex+2} (You
                  | found it in a treasure trove)
 15989 | Trove    | Identified the amulet "Myorghekim" {RegenMP Int+5} (You
                  | found it in a treasure trove)
 16000 | Trove    | Got a faintly glowing pewter ring
 16022 | Trove    | Identified the ring of Eppaixt {rF- rN+ Int+4 Dex+5 SInv}
                  | (You found it in a treasure trove)
 16407 | Lair:4   | You fall into a shaft and drop 2 floors!
 16407 | Lair:6   | Entered Level 6 of the Lair of Beasts
 16600 | Lair:6   | Received a gift from Trog
 16761 | Lair:5   | Noticed Nessos
 16770 | Lair:5   | Killed Nessos
 16771 | Lair:5   | Reached XP level 14. HP: 86/126 MP: 13/13
 17442 | Lair:5   | Noticed Kirke
 17449 | Lair:5   | Killed Kirke
 17456 | Lair:5   | Received a gift from Trog
 17738 | Lair:5   | Found a staircase to the Slime Pits.
 18357 | Lair:6   | Found a snail-covered altar of Cheibriados.
 18560 | Lair:6   | Reached skill level 10 in Throwing
 18884 | Lair:6   | Reached skill level 15 in Axes
 19383 | Orc:1    | Entered Level 1 of the Orcish Mines
 19419 | Orc:1    | Received a gift from Trog
 19420 | Orc:1    | Reached XP level 15. HP: 79/136 MP: 14/14
 19934 | Orc:1    | Found a roughly hewn altar of Beogh.
 20041 | Orc:2    | Entered Level 2 of the Orcish Mines
 20297 | Orc:2    | Found a staircase to the Elven Halls.
 20486 | Orc:2    | Received a gift from Trog
 20873 | Orc:2    | Found a roughly hewn altar of Beogh.
 21255 | Orc:2    | Found Mafemawk's Distillery.
 21255 | Orc:2    | Found Rum Mer's Gadget Shoppe.
 21257 | Orc:2    | Found Meutetiduf's Weapon Boutique.
 21257 | Orc:2    | Found Keadgh's Jewellery Shoppe.
 21265 | Orc:2    | Bought 6 boomerangs for 39 gold pieces
 21624 | D:13     | Found Abunar's General Store.
 22001 | D:13     | Received a gift from Trog
 22004 | D:13     | Identified the +8 trident of an ice cave {vorpal, Int+9
                  | Dex-3} (Trog gifted it to you on level 13 of the Dungeon)
 22547 | D:13     | Found a gate to the Vaults.
 22825 | D:13     | Noticed a fire giant
 22837 | D:13     | Killed a fire giant
 23171 | D:14     | Noticed Louise
 23188 | D:14     | Killed Louise
 23238 | D:14     | Noticed Snorg
 23254 | D:14     | Killed Snorg
 23265 | D:14     | Received a gift from Trog
 23303 | D:14     | Noticed a storm dragon
 23336 | D:14     | Reached skill level 15 in Shields
 23364 | D:14     | Noticed a tengu reaver
 23380 | D:14     | Killed a tengu reaver
 23486 | D:14     | Found the +9 staff of Olgreb {rPois∞}
 23516 | D:14     | Killed a storm dragon
 23528 | D:14     | Reached XP level 16. HP: 140/146 MP: 15/15
 23577 | D:14     | Reached skill level 15 in Armour
 23823 | D:14     | Noticed Roxanne
 23843 | D:14     | Killed Roxanne
 23939 | D:15     | Entered Level 15 of the Dungeon
 23941 | D:15     | Noticed Rupert
 23951 | D:15     | Killed Rupert
 24200 | D:15     | Found a staircase to the Depths.
 24255 | D:15     | Noticed Azrael
 24867 | D:15     | Killed Azrael
 25333 | D:6      | Killed rossy's ghost
 25512 | Lair:1   | Found a one-way gate to the infinite horrors of the Abyss.
 25540 | Lair:1   | Killed Majang's ghost
 25833 | Snake:1  | Entered Level 1 of the Snake Pit
 25961 | Snake:1  | Received a gift from Trog
 26937 | Snake:2  | Reached skill level 15 in Fighting
 27327 | Snake:2  | Received a gift from Trog
 27330 | Snake:2  | Identified the +10 executioner's axe of Zacloalo {vorpal,
                  | rC+ rN++ Int-3 Stlth+} (Trog gifted it to you on level 2 of
                  | the Snake Pit)
 27664 | Snake:3  | Reached XP level 17. HP: 55/156 MP: 16/16
 27827 | Snake:3  | Found Zomel's Gadget Shop.
 28136 | Snake:3  | Upgraded the game from 0.26-a0-1033-gd598b01645 to
                  | 0.26-a0-1038-gfb849e850a
 28329 | Snake:4  | Entered Level 4 of the Snake Pit
 28639 | Snake:4  | Reached skill level 1 in Evocations
 28782 | Snake:4  | Received a gift from Trog
 29899 | Snake:4  | Received a gift from Trog
 29983 | Snake:4  | Got a serpentine rune of Zot
 30167 | Snake:4  | Reached XP level 18. HP: 166/166 MP: 17/17
 30805 | Swamp:1  | Entered Level 1 of the Swamp
 30817 | Swamp:1  | Noticed Nikola
 30821 | Swamp:1  | Killed from afar by Nikola

Illustrated notes

Levels and vault maps discovered:
D:1:      roderic_crossed_star, layout_basic
D:2:      layout_basic, marbit_many_paths, eat_drink_and_be_merry_uskayaw,
          gammafunk_temple_overflow_claw, uniq_jessica, uniq_sigmund,
          uniq_crazy_yiuf_cottage
D:3:      layout_basic, nemelex_altar_shiori, lemuel_doored_altar
D:4:      layout_loops_ring, serial_shops, nicolae_shop_stone, shop,
          minivault_19, okawaru_metal_pillars_1_2
D:5:      layout_loops_cross, enter_ossuary_1, grunt_decor_junction
D:6:      layout_loops_ring, yredelemnul_altar_generic, temple_fountains,
          ebering_ghost_xom
D:7:      wander_river, layout_loops_ring, nicolae_overflow_crystal_walls,
          lemuel_coloured_pillars_altar, serial_shops, kennysheep_mini, shop,
          shop_statue, serial_bayou, uniq_joseph
D:8:      layout_layer_cave, kennysheep_mini_moat, lemuel_blue_sif_altar,
          hangedman_abyss_or_decor_clamps, uniq_erica, uniq_grum
D:9:      layout_basic, david_lair_shrubbed
D:10:     layout_stronghold
D:11:     layout_long_grid, basic_altar, special_room [special_room_bee],
          enter_trove_5
D:12:     layout_loops_ring, erik_orc_4, uniq_josephine
D:13:     kennysheep_snake, layout_irregular_city, ximxim_vaults_locker_room,
          serial_shops, shop, nrook_pool_corridor, minmay_beelzebubs_servants
D:14:     layout_roguey, kennysheep_nub, minmay_diamond_spiral, uniq_louise,
          uniq_snorg, uniq_roxanne
D:15:     grunt_enter_depths_hoard, layout_loops_ring, uniq_azrael, uniq_rupert
Lair:1:   layout_loops_ring, gammafunk_ghost_abyssal_escape, grunt_megastairs_5
Lair:2:   layout_layer_cave, beast_lair_carwin_3, minmay_lair_oklob_chamber,
          grunt_megastairs_3
Lair:3:   layout_cave_pods, swamp_mist, minmay_snake_entry_guardpost_large,
          pf_torpor_hydra, uniq_urug
Lair:4:   layout_big_grid, wad_woods_03
Lair:5:   layout_regular_city, nicolae_slime_entry_slimehenge,
          columned_hall_lemuel, grunt_megastairs_4, uniq_kirke, uniq_nessos
Lair:6:   gammafunk_lair_ancient_temple, layout_long_grid, minivault_25,
          kennysheep_snail_temple
Swamp:1:  layout_basic_swamp, serial_swamp_ruin, evilmike_swamp_ruin_house_1,
          evilmike_swamp_ruin_house_6, evilmike_swamp_ruin_house_4, uniq_nikola,
          uniq_frances
Snake:1:  layout_onion
Snake:2:  layout_rooms, serial_corexii_hall, corexii_hall_statues_i,
          corexii_hall_statues_l, chequers_hall_statues_y,
          chequers_hall_statues_wall_a, corexii_hall_statues_t,
          chequers_hall_statues_y
Snake:3:  layout_onion_interference, serial_shops, shop
Snake:4:  snake_pit_salamanders_mu, layout_cave_town, drop_trap,
          grunt_ministairs_14, lemuel_fruit_tree
Orc:1:    layout_diamond_mine, mines2_david
Orc:2:    grunt_orc_tribal_feast, layout_caves, basic_altar

Skill      XL: |  1  2  3  4  5  6  7  8  9 10 11 12 13 14 15 16 17 |
---------------+----------------------------------------------------+-----
Axes           | 4 5 6 7 8 9 10 11 12 13 15 16 17 | 17.6
Fighting       | 4 5 6 7 8 9 10 11 12 13 14 15 16 | 16.2
Armour         | 3 4 5 7 8 9 10 12 13 14 15 16 | 16.8
Dodging        | 3 4 6 7 8 9 10 | 10.0
Throwing       | 3 4 5 6 7 9 10 11 12 | 12.5
Shields        | 4 7 9 11 13 14 15 16 17 | 17.7
Evocations     | 4 |  4.3

Action                   |  1- 3 |  4- 6 |  7- 9 | 10-12 | 13-15 | 16-18 || total
-------------------------+-------+-------+-------+-------+-------+-------++-------
Melee: Hand axe          |    53 |    79 |       |       |       |       ||   132
       Headbutt          |     4 |    21 |    64 |   135 |   244 |   274 ||   742
       War axe           |       |    58 |    36 |       |       |       ||    94
       Broad axe         |       |       |   301 |   584 |   910 |   240 ||  2035
       Flail             |       |       |       |       |       |   572 ||   572
Throw: Boomerang         |       |       |     3 |    26 |    68 |   356 ||   453
Invok: Berserk           |     2 |     3 |     4 |     3 |     2 |     1 ||    15
       Trog's Hand       |       |       |     2 |     3 |     9 |     1 ||    15
       Brothers in Arms  |       |       |       |     1 |       |       ||     1
Evoke: Wand              |       |       |       |    18 |     2 |       ||    20
  Use: Scroll            |       |       |    11 |     4 |    13 |    11 ||    39
       Potion            |       |       |     2 |       |     4 |     1 ||     7
Armor: Animal skin       |     3 |       |       |       |       |       ||     3
       Ring mail         |     9 |    23 |       |       |       |       ||    32
       Chain mail        |       |    24 |    23 |       |       |       ||    47
       Scale mail        |       |     1 |   135 |   160 |   135 |    88 ||   519
Dodge: Dodged            |    33 |    49 |   182 |   259 |   338 |   238 ||  1099
Block: Kite shield       |       |       |    61 |   378 |   730 |       ||  1169
       Reflection        |       |       |       |       |    34 |   129 ||   163
       Tower shield      |       |       |       |       |    56 |   993 ||  1049

Table legend: (Time is in decaauts)
 A = Elapsed time spent in this place.
 B = Non-inter-level travel time spent in this place.
 C = Inter-level travel time spent in this place.
 D = Time resting spent in this place.
 E = Time spent auto-exploring this place.
 F = Levels seen in this place.
 G = Mean time per level.
                   A        B        C        D        E       F      G
               +--------+--------+--------+--------+--------+-----+--------+
         Total |  31139 |  29076 |   2063 |   3024 |  18134 |  30 | 1038.0 |
       Dungeon |  16464 |  15137 |   1327 |   1289 |  10021 |  15 | 1097.6 |
          Lair |   7277 |   6705 |    572 |    512 |   4703 |   6 | 1212.8 |
         Swamp |     18 |     18 |      0 |      0 |      9 |   1 |   18.0 |
     Snake Pit |   4805 |   4703 |    102 |    879 |   2293 |   4 | 1201.2 |
  Orcish Mines |   1998 |   1936 |     62 |    343 |    935 |   2 |  999.0 |
         Trove |     74 |     74 |      0 |      0 |     15 |   1 |   74.0 |
       Ossuary |    500 |    500 |      0 |      0 |    158 |   1 |  500.0 |
               +--------+--------+--------+--------+--------+-----+--------+

Top non-repeatable levels by time:
 Snake:4: 2290 daAuts
    D:13: 2142 daAuts
  Lair:6: 1472 daAuts
  Lair:2: 1459 daAuts
     D:2: 1456 daAuts
     D:8: 1370 daAuts
  Lair:3: 1352 daAuts
   Orc:2: 1241 daAuts
  Lair:1: 1180 daAuts
    D:15: 1156 daAuts
     D:4: 1122 daAuts
    D:10: 1100 daAuts
  Lair:5: 1096 daAuts
    D:12: 1082 daAuts
     D:9: 1052 daAuts
